 Dungeon Crawl Stone Soup version 0.32-a0-391-gce5c0aab1b (webtiles) character file.

Game seed: 7660947974385603341

473 pokeman the Magician (level 6, -1/34 HPs)
             Began as a Deep Elf Hedge Wizard on Feb 19, 2024.
             Was an Initiate of Vehumet.
             Slain by a wraith (11 damage)
             ... on level 5 of the Dungeon on Feb 20, 2024.
             The game lasted 00:10:23 (5316 turns).

pokeman the Magician (Deep Elf Hedge Wizard)        Turns: 5316, Time: 00:10:23

Health: -1/34      AC:  3    Str:  7    XL:     6   Next: 84%
Magic:  9/18       EV: 13    Int: 21    God:    Vehumet [......]
Gold:   146        SH:  0    Dex: 14    Spells: 2/19 levels left

rFire   . . .        A - +1 dagger (venom)
rCold   . . .        (no shield)
rNeg    . . .        o - +0 robe of Pride {rPois rCorr}
rPois   +            c - +0 hat
rElec   .            (no cloak)
rCorr   +            (no gloves)
SInv    .            z - +0 pair of boots
Will    .....        (no amulet)
Stlth   ++           k - ring of poison resistance
HPRegen 0.25/turn    (no ring)
MPRegen 0.16/turn

%: no passive effects
@: on blink cooldown, very slightly contaminated
A: no striking features
a: Renounce Religion


You were on level 5 of the Dungeon.
You worshipped Vehumet.
Vehumet was noncommittal.
You visited 1 branch of the dungeon, and saw 5 of its levels.

You collected 146 gold pieces.

Inventory:

Hand Weapons
 A - a +1 dagger of venom (weapon)
Armour
 c - a +0 hat (worn)
 n - an orb of light
 o - the +0 robe of Pride (worn) {rPois rCorr}
   (You found it on level 2 of the Dungeon)

   rPois:     It protects you from poison rCorr: It protects you from acid and
   corrosion.
 p - the +0 leather armour of the Loofah {rF+}
   (You found it on level 3 of the Dungeon)

   rF+:       It protects you from fire.
 u - the +7 Kryia's mail coat {PotionHeal*2 rC+}
   (You found it on level 4 of the Dungeon)

   PotionHeal*2: Potions heal its wearer twice as much.
   rC+:       It protects you from cold.
 z - a +0 pair of boots (worn)
Magical Staves
 s - a staff of fire
 x - a staff of air
Jewellery
 k - a ring of poison resistance (left hand)
 q - an amulet of guardian spirit
 v - a ring of ice
Scrolls
 e - 2 scrolls of immolation {unknown}
 f - 4 scrolls of identify {unknown}
 g - a scroll of enchant weapon {unknown}
 h - 8 scrolls of teleportation {unknown}
 l - a scroll of brand weapon {unknown}
 m - a scroll of blinking {unknown}
 y - a scroll of noise {unknown}
Potions
 a - a potion of lignification {unknown}
 b - 3 potions of curing {unknown}
 d - 3 potions of magic
 i - 2 potions of brilliance {unknown}
 r - a potion of invisibility {unknown}
 t - a potion of attraction {unknown}
 w - a potion of heal wounds {unknown}


   Skills:
 + Level 1.2 Fighting
 - Level 1.1 Armour
 - Level 3.0 Dodging
 - Level 3.0 Stealth
 * Level 7.3 Spellcasting
 + Level 3.3 Conjurations
 - Level 1.1 Summonings
 - Level 1.1 Translocations
 - Level 1.0 Fire Magic
 + Level 1.6 Ice Magic
 - Level 1.0 Air Magic
 - Level 1.0 Alchemy
 - Level 1.4 Evocations


You had 2 spell levels left.
You knew the following spells:

 Your Spells              Type           Power      Damage    Failure   Level
a - Magic Dart            Conj           88%        1d7       2%          1
b - Mephitic Cloud        Conj/Alch/Air  15%        N/A       12%         3
c - Call Imp              Summ           24%        N/A       9%          2
d - Blink                 Tloc           24%        N/A       9%          2
e - Freezing Cloud        Conj/Ice/Air   8%         6-21      71%         5
f - Airstrike             Air            6%         2d(1-17)  50%         4

Your spell library contained the following spells:

 Spells                   Type           Power      Damage    Failure   Level
 Static Discharge         Conj/Air       34%        3-5/arc   5%          2
 Slow                     Hex            28%        N/A       9%          1
 Mercury Vapours          Alch/Air       24%        N/A       9%          2
 Cigotuvi's Dreadful Rot  Necr/Alch/Air  20%        N/A       10%         2
 Summon Lightning Spire   Summ/Air       12%        N/A       47%         4


Dungeon Overview and Level Annotations

Branches:
Dungeon (5/15)
 Temple: D:4-7

Altars:
Dithmenos
Elyvilon
Gozag
Nemelex Xobeh
Uskayaw
Vehumet
Wu Jian
Xom
The Shining One

Shops:
D:1 [[[!*


Message History

Unknown command.
Items here: )) [[ †.
Things that are here:
a +0 flail; a +0 ring mail; an orc corpse You see here a +1 dagger of venom.
A - a +1 dagger of venom Your +1 whip of venom stops dripping with poison.
Your +1 dagger of venom begins to drip with poison!
A - a +1 dagger of venom (weapon)
You drop a +1 whip of venom.
You open the door.
There is an open door here.
You see here a +1 whip of venom.
There is an open door here.
A wraith is nearby!
A scorpion comes into view.
Casting: Magic Dart (safe; 2% risk of failure)
Confirm with . or Enter, or press ? or * to list all spells.
Aiming: Airstrike (astonishingly dangerous; 50% risk of failure)
Press: ? - help, Dir - move target, f - wraith
Aim: a wraith (empty space bonus: 8/8)
You miscast Airstrike.
You are very lightly contaminated with residual magic.
You are blasted with air!
Casting: Airstrike (astonishingly dangerous; 50% risk of failure)
Confirm with . or Enter, or press ? or * to list all spells.
Aiming: Airstrike (astonishingly dangerous; 50% risk of failure)
Press: ? - help, Dir - move target, f/p - wraith
Aim: a wraith (empty space bonus: 8/8)
You miscast Airstrike.
You feel a sudden electric shock!
* * * LOW HITPOINT WARNING * * *
Unknown command.
You aren't carrying any items that you can evoke.
Casting: Airstrike (astonishingly dangerous; 50% risk of failure)
Confirm with . or Enter, or press ? or * to list all spells.
You blink.
The wraith attacks as it pursues you! The wraith closely misses you.
The wraith barely misses you. The wraith attacks as it pursues you!
The wraith hits you!
You die...

......#.)...#..#.....#....'....#
......'.....#..#.....#....#....#
......#...[.+..#.....#....#....#
......###..###'#######....######
####....#..#..................
...#....#..')..)).............
...#....#..#...............^...
...'....#..#....)..............
####....#..#....@..............
......###########W...#########
......# #....# ......# #....#
......# #....# ......# #....#
......# #....# ####### ######


You could see a wraith.

Vanquished Creatures
  A water moccasin (D:5)
  2 hounds
  A jelly (D:5)
  An orc priest (D:3)
  An iguana (D:5)
  4 gnolls
  4 adders
  4 dart slugs
  14 orcs
  7 bats
  3 endoplasms (D:1)
  5 giant cockroaches
  3 goblins
  6 hobgoblins
  4 quokkas
  6 ball pythons
  2 frilled lizards (D:1)
  8 kobolds
  4 rats
80 creatures vanquished.

Notes
Turn   | Place    | Note
-------+----------+-------------------------------------------
     0 | D:1      | pokeman the Deep Elf Hedge Wizard began the quest for the
                  | Orb.
     0 | D:1      | Reached XP level 1. HP: 10/10 MP: 7/7
   137 | D:1      | Reached XP level 2. HP: 15/15 MP: 2/9
   258 | D:1      | Found Tuirusot's Armour Emporium.
   262 | D:1      | Found Nastaaf's Armour Shoppe.
   348 | D:1      | Reached skill level 5 in Spellcasting
   369 | D:1      | Reached XP level 3. HP: 19/20 MP: 2/11
   373 | D:1      | Learned a level 3 spell: Mephitic Cloud
   376 | D:1      | Learned a level 2 spell: Call Imp
   379 | D:1      | Learned a level 2 spell: Blink
   648 | D:1      | Found Vitinejo's Assorted Antiques.
   705 | D:1      | Reached skill level 1 in Armour
   756 | D:1      | Found Veygg's Distillery.
   871 | D:1      | Found Nifyjuet's Antique Armour Shoppe.
   900 | D:1      | Reached skill level 1 in Fighting
  1184 | D:2      | Reached XP level 4. HP: 25/25 MP: 9/13
  1351 | D:2      | Found a faded altar of an unknown god.
  1927 | D:2      | Identified the +0 robe of Pride {rPois rCorr}
  2113 | D:3      | Identified the +0 leather armour of the Loofah {rF+}
  2201 | D:3      | Reached skill level 6 in Spellcasting
  2341 | D:3      | Reached XP level 5. HP: 29/29 MP: 11/15
  2500 | D:3      | Found an ornate altar of the Wu Jian Council.
  2772 | D:3      | Found a shadowy altar of Dithmenos.
  2777 | D:3      | Found a radiant altar of Vehumet.
  2777 | D:3      | Found a shimmering altar of Xom.
  2777 | D:3      | Found a hide-covered altar of Uskayaw.
  2781 | D:3      | Found a sparkling altar of Nemelex Xobeh.
  2782 | D:3      | Found a white marble altar of Elyvilon.
  2785 | D:3      | Became a worshipper of Vehumet
  3009 | D:3      | Learned a level 5 spell: Freezing Cloud
  3539 | D:4      | Found an opulent altar of Gozag.
  3578 | D:4      | Found the +7 Kryia's mail coat {PotionHeal*2 rC+}
  3689 | D:4      | Reached skill level 1 in Alchemy
  4579 | D:5      | Entered Level 5 of the Dungeon
  4617 | D:5      | Reached skill level 1 in Air Magic
  4617 | D:5      | Reached XP level 6. HP: 17/34 MP: 15/17
  4621 | D:5      | Reached skill level 1 in Fire Magic
  4838 | D:5      | Found a glowing golden altar of the Shining One.
  4891 | D:5      | Noticed a water moccasin
  4902 | D:5      | Killed a water moccasin
  4903 | D:5      | Reached skill level 7 in Spellcasting
  4903 | D:5      | Reached skill level 1 in Ice Magic
  4903 | D:5      | Reached skill level 1 in Evocations
  5053 | D:5      | Noticed a wraith
  5094 | D:5      | Learned a level 4 spell: Airstrike
  5316 | D:5      | Slain by a wraith

Illustrated notes

Levels and vault maps discovered:
D:1:      dpeg_arrival_court, layout_rooms, serial_shops, shop, shop,
          nicolae_shop_tiny_glass, nicolae_shop_industrial_runoff,
          nicolae_lakefront_shop
D:2:      layout_basic, dreamdust_ecumenical_altar_statues
D:3:      layout_basic, nicolae_wu_jian_glorious_leap, minitemple
D:4:      layout_layer_cave, old_standard_altar
D:5:      layout_gridville, overflow_temple_1_default, serial_shops,
          nicolae_shop_drivethru, minmay_manual_mess

Skill      XL: |  1  2  3  4  5  6 |
---------------+-------------------+-----
Spellcasting   | 5 6 7 |  7.3
Armour         | 1 |  1.1
Fighting       | 1 |  1.2
Conjurations   | 2 3 |  3.3
Stealth        | 3 |  3.0
Dodging        | 3 |  3.0
Alchemy        | 1 |  1.0
Air Magic      | 1 |  1.0
Fire Magic     | 1 |  1.0
Ice Magic      | 1 |  1.6
Evocations     | 1 |  1.4
Summonings     | |  1.1
Translocations | |  1.1

Action                     |  1- 3 |  4- 6 || total
---------------------------+-------+-------++-------
  Melee: Dagger            |     6 |       ||     6
         Whip              |     2 |    38 ||    40
   Cast: Magic Dart        |    73 |   144 ||   217
         Mephitic Cloud    |       |     4 ||     4
         Blink             |       |     7 ||     7
   Stab: Confused          |       |     3 ||     3
 Armour: Robe              |     6 |    27 ||    33
  Dodge: Dodged            |     8 |    51 ||    59

Table legend: (Time is in decaauts)
 A = Elapsed time spent in this place.
 B = Non-inter-level travel time spent in this place.
 C = Inter-level travel time spent in this place.
 D = Time resting spent in this place.
 E = Time spent auto-exploring this place.
 F = Levels seen in this place.
 G = Mean time per level.
                   A        B        C        D        E       F      G
               +--------+--------+--------+--------+--------+-----+--------+
         Total |   5318 |   5189 |    129 |    101 |   4439 |   5 | 1063.6 |
       Dungeon |   5318 |   5189 |    129 |    101 |   4439 |   5 | 1063.6 |
               +--------+--------+--------+--------+--------+-----+--------+

Top non-repeatable levels by time:
     D:4: 1290 daAuts
     D:3: 1189 daAuts
     D:1: 1106 daAuts
     D:2: 993 daAuts
     D:5: 737 daAuts
